Map: Blackpink LE

Players

JagrsMullets - Winner!

  • Race: Terran Terran
  • Spawn Location: 7:00

A.I. 1 (Hard)

  • Race: Zerg Zerg
  • Spawn Location: 1:00

VOD

Have the link to the VOD?

Description

Time

  • Played on: Dec. 19, 2017, 1:55 a.m.
  • Length: 21:15
Show
View Real Time Build Order
Export as new Build Order

JagrsMullets Terran - Winner!

Build Orders:  

Get SALT Encoding   

  12  0:01  SCV  
  13  0:13  SCV  
  14  0:20  Supply Depot  
  14  0:25  SCV  
  15  0:39  Supply Depot  
  15  0:41  SCV  
  16  0:53  SCV  
  16  0:54  Barracks  
  17  1:07  SCV  
  17  1:09  Refinery  
  18  1:19  SCV  
  20  1:43  Orbital Command  
  19  1:52  Marine  
  20  2:10  Marine, Bunker  
  21  2:24  Barracks  
  21  2:27  Factory  
  21  2:28  Marine  
  22  2:38  Refinery  
  22  2:45  Marine  
  23  2:56  Engineering Bay  
  23  3:03  Marine  
  24  3:10  SCV  
  25  3:21  Marine, Factory Tech Lab  
  25  3:22  SCV  
  25  3:25  Terran Infantry Weapons Level 1  
  27  3:31  Starport  
  27  3:34  SCV  
  28  3:44  Barracks Tech Lab  
  28  3:46  SCV  
  29  3:48  Barracks  
  29  3:58  Starport  
  29  4:16  Supply Depot  
  29  4:17  Marine  
  30  4:28  Marauder  
  32  4:33  Siege Tank  
  32  4:35  Marine  
  36  4:39  Starport Tech Lab  
  36  4:45  Starport Tech Lab  
  36  4:50  Marauder  
  36  4:52  Marine  
  38  4:56  Supply Depot  
  39  5:10  Marine  
  39  5:11  Marauder  
  42  5:25  Banshee  
  42  5:28  Marine  
  45  5:32  Marauder  
  45  5:33  Command Center  
  48  5:43  Supply Depot  
  48  5:47  Banshee  
  51  5:54  Marauder  
  53  5:59  Barracks Tech Lab  
  53  6:08  Banshee  
  56  6:12  Neosteel Frame  
  56  6:31  Banshee  
  59  6:37  Cloaking Field  
  59  7:24  Combat Shields  
  59  7:27  Stimpack  
  59  8:14  Banshee x2  
  65  8:23  SCV  
  66  8:35  SCV  
  64  8:47  SCV  
  59  8:57  Viking  
  59  8:59  SCV  
  62  9:03  Refinery  
  62  9:06  Refinery  
  62  9:11  SCV  
  63  9:22  Planetary Fortress  
  63  9:25  SCV  
  63  9:28  Concussive Shells  
  64  9:32  Marine x2  
  64  9:33  Marine  
  64  9:37  SCV  
  68  9:49  SCV  
  68  9:50  Marine x3  
  68  9:52  Viking x2  
  76  10:02  SCV  
  77  10:08  Marine x3  
  77  10:14  SCV  
  81  10:22  Medivac  
  81  10:26  Marine x3  
  86  10:44  Marine x3  
  86  10:48  Hyperflight Rotors  
  89  11:00  High Capacity Fuel Tanks  
  89  11:01  Marine  
  89  11:02  Marauder x2  
  94  11:12  Terran Infantry Armor Level 1  
  94  11:55  Marine, Unknown  
  94  11:56  SCV, Marauder  
  98  12:13  Marine  
  99  12:17  Marauder  
  99  12:18  Barracks  
  101  12:44  Supply Depot  
  101  13:06  Viking x2  
  101  13:09  Supply Depot  
  105  13:28  Marauder x2  
  105  13:29  Marine  
  105  13:32  Supply Depot  
  110  13:36  Viking x2  
  114  13:47  Marine  
  115  13:50  Marauder x2  
  119  13:57  Supply Depot  
  119  14:05  Marine  
  119  14:06  Banshee x2  
  126  14:11  Marauder x2  
  130  14:21  Supply Depot  
  130  14:23  Marine  
  131  14:32  Marauder x2  
  135  14:41  Marine  
  136  14:48  Banshee  
  142  14:54  Marauder x2  
  146  15:31  Banshee  
  146  16:07  Unknown  
  135  16:12  Unknown  
  135  16:14  Banshee  
  135  16:16  Unknown  
  121  16:22  Unknown  
  112  16:57  Banshee  
  66  17:40  Banshee  
  69  17:50  Marine x2  
  69  17:51  Marine  
  72  17:56  Viking  
  74  18:08  Marine x3  
  77  18:23  Viking  
  77  18:26  Marine x3, Viking  
  78  18:44  Marine x3  
  81  18:53  Viking  
  81  18:54  Unknown  
  83  18:56  Unknown, Viking  
  83  19:02  Marine x3  
  83  19:19  Marine x2  
  83  19:20  Marine  
  83  19:23  Viking  
  83  19:24  Unknown  
  88  19:26  Viking  
  88  19:29  Unknown  
  90  19:34  Unknown  
  90  19:37  Marine x3  
  93  19:47  Unknown  
  93  19:49  Unknown  
  90  19:53  Viking  
  90  19:55  Marine x3  
  90  19:56  Banshee  
  94  20:13  Marine x3  
  97  20:22  Banshee  
  95  20:40  Unknown  
Show
View Real Time Build Order
Export as new Build Order

A.I. 1 (Hard) Zerg 

Build Orders: Pool First, Muta Ling Bane 

Get SALT Encoding   

  12  0:00  Drone  
  13  0:12  Overlord  
  13  0:17  Drone  
  14  0:30  Drone  
  14  0:31  Drone  
  16  0:43  Spawning Pool  
  16  0:45  Drone  
  17  0:50  Drone  
  17  0:53  Extractor  
  17  0:55  Drone  
  17  1:05  Overlord  
  17  1:31  Zergling x4, Queen  
  21  1:36  Roach Warren  
  21  1:38  Drone  
  21  1:42  Extractor  
  20  1:49  Drone  
  20  1:52  Baneling Nest  
  20  1:59  Drone  
  21  2:10  Drone  
  22  2:21  Zergling x2  
  23  2:31  Drone  
  24  2:37  Overlord, Baneling x2  
  24  2:38  Zergling x4  
  24  2:39  Baneling  
  24  2:43  Zergling x2  
  27  2:54  Drone  
  28  3:05  Zergling x2  
  29  3:09  Overlord, Zergling x4  
  31  3:16  Zergling x2  
  31  3:17  Baneling x2  
  32  3:25  Baneling  
  32  3:27  Zergling x2  
  33  3:35  Evolution Chamber  
  33  3:38  Drone  
  34  3:41  Drone, Zergling x2  
  34  3:43  Drone  
  36  3:50  Drone  
  37  4:00  Drone  
  38  4:11  Drone  
  38  4:12  Overlord  
  38  4:13  Drone  
  40  4:29  Lair  
  40  4:31  Evolution Chamber  
  39  4:44  Drone  
  40  4:56  Metabolic Boost  
  40  5:01  Zerg Melee Weapons Level 1  
  38  5:17  Zerg Ground Armor Level 1  
  38  5:31  Spire  
  37  6:01  Spore Crawler, Drone  
  37  6:02  Centrifical Hooks  
  37  6:09  Spore Crawler, Drone  
  37  6:18  Queen  
  39  6:32  Spine Crawler  
  38  6:33  Hatchery  
  38  6:36  Spine Crawler  
  38  6:38  Drone  
  37  6:44  Mutalisk  
  39  6:49  Mutalisk  
  41  6:54  Burrow  
  41  6:55  Zerg Missile Weapons Level 1, Mutalisk  
  41  7:01  Mutalisk  
  43  7:07  Mutalisk  
  47  7:15  Mutalisk  
  47  7:16  Overlord  
  49  7:25  Overseer  
  49  7:34  Overseer  
  49  7:45  Drone, Queen  
  49  7:46  Drone  
  49  7:48  Drone  
  49  7:49  Drone  
  49  7:51  Drone  
  56  7:52  Drone  
  56  7:54  Drone  
  56  7:55  Drone  
  56  7:56  Extractor  
  58  7:59  Spore Crawler, Drone  
  58  8:01  Spore Crawler  
  58  8:03  Drone  
  58  8:07  Drone  
  58  8:10  Drone  
  58  8:12  Drone  
  61  8:17  Overlord  
  61  8:36  Infestation Pit  
  46  8:58  Extractor  
  45  9:04  Zergling x2  
  46  9:14  Hive  
  46  9:29  Hydralisk Den  
  45  9:57  Hydralisk  
  47  10:07  Pneumatized Carapace, Hydralisk  
  49  10:16  Hydralisk  
  49  10:19  Overseer  
  51  10:31  Ultralisk Cavern  
  50  10:39  Overlord  
  50  10:56  Hatchery  
  49  11:01  Hydralisk  
  49  11:03  Overlord  
  51  11:10  Hydralisk  
  53  11:19  Drone  
  53  11:20  Ultralisk  
  53  11:23  Drone  
  61  11:26  Drone  
  61  11:28  Hydralisk  
  61  11:32  Overlord  
  64  11:35  Drone  
  64  11:38  Ultralisk  
  64  11:39  Drone  
  72  11:42  Drone  
  72  11:45  Drone  
  74  11:48  Ultralisk, Drone  
  74  11:51  Drone  
  74  11:54  Drone  
  83  11:57  Ultralisk  
  83  11:59  Overlord  
  89  12:02  Overseer  
  89  12:05  Drone  
  89  12:08  Drone  
  91  12:10  Drone  
  91  12:15  Roach  
  94  12:21  Overlord  
  94  12:24  Roach  
  94  12:27  Roach  
  98  12:30  Roach  
  98  12:33  Roach  
  98  12:36  Roach  
  104  12:39  Roach  
  104  12:42  Overlord  
  105  12:46  Roach  
  105  12:49  Infestor  
  109  12:52  Zergling x2  
  109  12:55  Roach  
  112  13:00  Roach  
  112  13:03  Roach, Overlord  
  116  13:06  Roach  
  116  13:09  Roach  
  120  13:21  Roach  
  120  13:24  Roach, Overlord  
  124  13:27  Roach  
  124  13:29  Hydralisk  
  128  13:38  Zerg Melee Weapons Level 2  
  128  13:41  Hydralisk  
  128  13:42  Drone, Overlord  
  128  13:44  Infestor, Drone  
  128  13:46  Drone  
  128  13:48  Drone  
  136  13:50  Drone  
  137  13:59  Zerg Ground Armor Level 2  
  137  14:00  Drone  
  138  14:03  Overlord  
  138  14:05  Drone  
  138  14:07  Drone  
  138  14:09  Drone  
  141  14:10  Drone  
  141  14:12  Drone  
  141  14:14  Drone  
  141  14:15  Drone  
  145  14:21  Drone, Overlord  
  145  14:23  Drone  
  147  14:24  Drone  
  147  14:26  Drone  
  147  14:27  Drone  
  147  14:29  Drone  
  151  14:37  Pathogen Glands  
  151  14:39  Glial Reconstitution  
  151  14:42  Overlord  
  151  14:46  Zerg Flyer Weapons Level 1  
  151  15:00  Overlord  
  151  15:17  Extractor  
  151  15:21  Extractor  
  149  15:25  Chitinous Plating  
  149  15:35  Spine Crawler  
  148  15:39  Spine Crawler  
  147  15:43  Drone  
  147  15:44  Drone  
  147  15:46  Drone  
  147  15:47  Ultralisk  
  156  15:53  Zerg Missile Weapons Level 2  
  156  16:01  Spore Crawler  
  156  16:03  Spore Crawler, Ultralisk, Overlord  
  156  16:04  Drone  
  161  16:10  Zergling x2  
  139  16:13  Overseer  
  139  16:15  Zerg Melee Weapons Level 3  
  139  16:18  Ultralisk  
  93  16:24  Hydralisk  
  93  16:25  Overseer  
  85  16:30  Overseer  
  85  16:31  Hydralisk  
  87  16:38  Hydralisk  
  89  16:46  Ultralisk  
  91  16:49  Overseer  
  91  16:54  Ultralisk  
  94  17:01  Extractor, Zergling x2  
  91  17:03  Drone  
  91  17:05  Drone  
  91  17:06  Drone  
  91  17:08  Drone  
  68  17:09  Ultralisk  
  68  17:10  Drone  
  68  17:11  Drone  
  68  17:13  Drone  
  68  17:14  Drone  
  68  17:15  Hydralisk  
  77  17:16  Drone  
  77  17:17  Drone  
  77  17:18  Hatchery  
  77  17:22  Hydralisk  
  64  17:30  Zergling x2  
  63  17:37  Hydralisk  
  63  17:39  Drone  
  45  17:53  Zergling x2  
  41  17:58  Drone  
  41  18:02  Drone  
  41  18:03  Drone  
  41  18:05  Drone  
  34  18:06  Drone  
  34  18:07  Ultralisk  
  41  18:15  Hatchery  
  41  18:16  Drone  
  39  18:24  Drone  
  39  18:28  Hydralisk  
  39  18:29  Drone, Extractor  
  39  18:31  Drone  
  39  18:32  Drone  
  39  18:33  Drone  
  38  18:35  Drone  
  38  18:36  Drone, Zergling x2  
  38  18:38  Drone  
  38  18:39  Drone  
  38  18:41  Drone  
  37  18:42  Drone  
  37  18:44  Drone  
  37  18:45  Drone  
  35  18:50  Drone  
  35  18:51  Drone  
  28  18:59  Drone  
  21  19:06  Drone  
  18  19:13  Drone  
  8  19:38  Drone  
  8  19:40  Drone  
  7  20:13  Queen  
Tags
 
Composition
Muta Ling Bane
Matchup
TvZ
Opening
Pool First
Spawn Locations
Cross Positions
Add a new tag
Caveats
  • Supply blocks, unpowered buildings, or Contaminate may cause inaccurate times.
  • Supply counts are checked every 10 seconds.